 Dungeon Crawl Stone Soup version 0.17.1-1-g73c8601 (webtiles) character file.

1407 pandaman124 the Ducker (level 8, -1/100 HPs)
             Began as a Pale Draconian Fighter on May 6, 2016.
             Slain by a slave (4 damage)
             ... led by Pikel
             ... on level 6 of the Dungeon.
             The game lasted 00:19:50 (5650 turns).

pandaman124 the Ducker (Pale Draconian Fighter)     Turns: 5650, Time: 00:19:50

Health: -1/100     AC:  6    Str: 26    XL:     8   Next: 42%
Magic:  8/8        EV: 13    Int:  8    God:
Gold:   165        SH: 11    Dex: 11    Spells: 0 memorised, 7 levels left

rFire  . . .     SeeInvis +     a - +0 long sword
rCold  . . .     Clarity  .     (armour unavailable)
rNeg   . . .     SustAt   .     b - +1 shield
rPois  .         Gourm    .     (helmet restricted)
rElec  .         Spirit   .     (no cloak)
rCorr  .         Warding  .     (no gloves)
rMut   .         Rnd*Tele +     (no boots)
MR     .....                    (no amulet)
Stlth  ..........               e - ring of teleportation
                                k - ring of see invisible

@: mighty, berserking, very quick, not resistant to hostile enchantments,
extremely unstealthy
A: breathe steam, unfitting armour, cold-blooded, AC +6
a: Breathe Steam, Evoke Teleportation


You were on level 6 of the Dungeon.
You were not hungry.

You visited 1 branch of the dungeon, and saw 6 of its levels.

You collected 165 gold pieces.

Inventory:

Hand Weapons
 a - a +0 long sword (weapon)
Armour
 b - a +1 shield (worn)
Jewellery
 e - a ring of teleportation (right hand)
 k - a ring of see invisible (left hand)
Wands
 p - a wand of flame (17)
 s - a wand of fire (7)
Scrolls
 q - 3 scrolls of amnesia
Potions
 h - a potion of agility
 i - a potion of haste
 j - 2 potions of brilliance
 m - a potion of magic
 n - a potion of resistance
 t - a potion of flight {unknown}
Books
 l - the Reference Book on Dusty Intoxication
   (You found it on level 4 of the Dungeon)

   Spells                             Type                      Level
   a - Sting                          Conjuration/Poison           1
   b - Cure Poison                    Poison                       2
   c - Ignite Poison                  Fire/Transmutation/Poison    3
   d - Lee's Rapid Deconstruction     Earth                        5
   e - Shatter                        Earth                        9
Miscellaneous
 o - a plain deck of summoning {drawn: 2}
Comestibles
 d - 2 bread rations
 f - 4 meat rations


   Skills:
 + Level 4.8 Fighting
 + Level 4.0 Long Blades
 + Level 7.2 Dodging
 + Level 2.6 Stealth
 + Level 5.7 Shields
 + Level 0.2 Evocations


You had 7 spell levels left.
You didn't know any spells.

Dungeon Overview and Level Annotations

Branches:
Dungeon (6/15)             Temple (0/1) D:4

Altars:
Elyvilon

Shops:
D:4 ?

Annotations:
D:6 Pikel


Innate Abilities, Weirdness & Mutations

You can breathe blasts of scalding, opaque steam.
Your pale cyan-grey scales are hard (AC +6).
Your body does not fit into most forms of armour.
You are cold-blooded and may be slowed by cold attacks.


Message History

* * * LOW HITPOINT WARNING * * *
You fail to use your ability.
Pikel hits you but does no damage. Pikel hits you but does no damage.
You block Pikel's attack. The slave hits you.
* * * LOW HITPOINT WARNING * * *
A red film seems to cover your vision as you go berserk!
You feel yourself moving faster!
You feel mighty! Pikel misses you. The slave closely misses you.
You feel a strong urge to attack something.
Pikel waves his whip at you. Pikel hits you with a whip of flaming.
* * * LOW HITPOINT WARNING * * *
Pikel burns you.
* * * LOW HITPOINT WARNING * * *
You block the slave's attack.
You barely miss Pikel.
Pikel is almost dead.
Pikel closely misses you. The slave misses you. The slave hits you.
You die...

########
#......#
+......#
#....@K####+#
#....pp.....#
#.....op....##
#.......p....#
#########....#
... #....#
.... #...##
....p##...#
....o.)...#


You could see Pikel, 4 slaves and an orc.

Vanquished Creatures
  The ghost of pandaman124 the Cudgeler, an amateur OgBe of Trog (D:3)
  A phantom (D:5)
  The ghost of lehmann155 the Slasher, an amateur DsGl (D:4)
  4 ogres
  2 giant frogs (D:6)
  4 scorpions
  A crimson imp (D:3)
  A giant frog zombie (D:5)
  3 hounds
  A giant frog skeleton (D:5)
  3 worker ants
  2 hound skeletons
  3 gnolls (D:4)
  9 adders
  An ooze (D:4)
  A worm (D:2)
  5 giant geckos
  2 orcs (D:4)
  6 goblins
  12 hobgoblins
  6 jackals
  6 kobolds
  A quokka (D:3)
  2 ball pythons
  8 bats
  A giant cockroach (D:2)
  A giant newt (D:1)
  4 rats
  A plant (D:1)
93 creatures vanquished.

Notes
Turn   | Place    | Note
--------------------------------------------------------------
     0 | D:1      | pandaman124 the Draconian Fighter began the quest for the Orb.
     0 | D:1      | Reached XP level 1. HP: 19/19 MP: 1/1
   764 | D:1      | Reached XP level 2. HP: 26/26 MP: 2/2
   966 | D:2      | Reached XP level 3. HP: 15/31 MP: 3/3
  1791 | D:2      | Reached XP level 4. HP: 13/40 MP: 4/4
  2423 | D:3      | Noticed pandaman124's ghost (amateur OgBe)
  2433 | D:3      | HP: 2/40 [pandaman124's ghost (4)]
  2438 | D:3      | Killed pandaman124's ghost
  2438 | D:3      | Reached skill level 4 in Dodging
  2438 | D:3      | Reached skill level 1 in Stealth
  2438 | D:3      | Reached XP level 5. HP: 23/46 MP: 5/5
  2658 | D:3      | Found a faded altar to an unknown god.
  3046 | D:3      | Reached XP level 6. HP: 52/52 MP: 6/6
  3229 | D:4      | Found a staircase to the Ecumenical Temple.
  3249 | D:4      | Reached skill level 5 in Dodging
  3259 | D:4      | Noticed lehmann155's ghost (amateur DsGl)
  3290 | D:4      | Killed lehmann155's ghost
  3310 | D:4      | Found Gupsoepp's Magic Scroll Emporium.
  3493 | D:4      | Your scales start taking on a pale cyan-grey colour.
  3493 | D:4      | Reached XP level 7. HP: 44/59 MP: 7/7
  3666 | D:4      | Identified the Reference Book on Dusty Intoxication
  3826 | D:4      | Found a white marble altar of Elyvilon.
  3925 | D:5      | Entered Level 5 of the Dungeon
  4040 | D:5      | Reached skill level 6 in Dodging
  4085 | D:5      | Reached skill level 5 in Shields
  4444 | D:5      | Reached XP level 8. HP: 12/67 MP: 8/8
  5247 | D:6      | Reached skill level 7 in Dodging
  5599 | D:6      | Noticed Pikel
  5649 | D:6      | HP: 4/100 [Pikel/whip of flaming (6)]
  5650 | D:6      | Slain by a slave

Action                   |  1- 3 |  4- 6 |  7- 9 || total
-------------------------+-------+-------+-------++-------
Melee: Long sword        |   161 |   133 |   197 ||   491
 Abil: Evoke Teleportati |       |     1 |       ||     1
       Breathe Steam     |       |       |     1 ||     1
Evoke: Deck              |     1 |     1 |       ||     2
  Use: Scroll            |     7 |     1 |     4 ||    12
       Potion            |     2 |    10 |     4 ||    16
 Stab: Distracted        |       |     1 |       ||     1
       Sleeping          |       |       |     4 ||     4
  Eat: Fruit             |     2 |     3 |     1 ||     6
       Meat ration       |     1 |       |       ||     1
       Bread ration      |       |       |     2 ||     2
